 Dungeon Crawl Stone Soup version 0.19-a0-1037-g36c65c9 (webtiles) character file.

6671 shmeve the Fighter (level 10, 76/97 HPs)
             Began as a Minotaur Berserker on July 29, 2016.
             Was a High Priest of Trog.
             Quit the game on level 10 of the Dungeon on Nov 21, 2016.
             The game lasted 00:18:47 (8336 turns).

shmeve the Fighter (Minotaur Berserker)             Turns: 8336, Time: 00:18:48

Health: 76/97      AC: 16    Str: 25    XL:     10   Next: 73%
Magic:  9/9        EV: 10    Int:  4    God:    Trog [*****.]
Gold:   461        SH:  0    Dex: 10    Spells: 0 memorised, 9 levels left

rFire  . . .     SeeInvis .     x - +0 war axe
rCold  + . .     Gourm    .     K - +0 plate armour
rNeg   . . .     Faith    .     (no shield)
rPois  .         Spirit   +     (helmet restricted)
rElec  .         Dismiss  .     n - +0 cloak
rCorr  .         Reflect  .     (no gloves)
SustAt .         Harm     .     q - +0 pair of boots
MR     .....                    f - amulet of guardian spirit
Stlth  ..........               (no ring)
                                r - ring of protection from cold

@: not resistant to hostile enchantments, extremely unstealthy
A: retaliatory headbutt, horns 2
a: Berserk, Trog's Hand, Brothers in Arms, Burn Spellbooks, Renounce Religion


You were on level 10 of the Dungeon.
You worshipped Trog.
Trog was extremely pleased with you.
You were not hungry.

You visited 1 branch of the dungeon, and saw 10 of its levels.

You collected 461 gold pieces.

Inventory:

Hand Weapons
 x - a +0 war axe (weapon)
Armour
 n - a +0 cloak (worn)
 q - a +0 pair of boots (worn)
 K - a +0 plate armour (worn)
Jewellery
 f - an amulet of guardian spirit (around neck)
 r - a ring of protection from cold (left hand)
Wands
 b - a wand of teleportation (3/9)
 w - a wand of lightning (7/15)
 F - a wand of lightning (8/15)
Scrolls
 d - 5 scrolls of identify {unknown}
 e - 2 scrolls of blinking {unknown}
 g - 9 scrolls of remove curse
 h - 3 scrolls of enchant weapon {unknown}
 j - 6 scrolls of recharging {unknown}
 l - a scroll of random uselessness {unknown}
 m - 2 scrolls of amnesia {unknown}
 o - 4 scrolls of teleportation {unknown}
 t - a scroll of fog {unknown}
 v - 4 scrolls of noise {unknown}
 y - a scroll of torment {unknown}
 G - a scroll of vulnerability {unknown}
 I - a scroll of enchant armour {unknown}
Potions
 a - a potion of magic {unknown}
 i - a potion of berserk rage {unknown}
 p - 3 potions of haste {unknown}
 s - 3 potions of agility {unknown}
 u - 3 potions of heal wounds {unknown}
 z - 4 potions of lignification {unknown}
 A - 3 potions of curing
 C - 2 potions of degeneration {unknown}
 E - 3 potions of brilliance {unknown}
 H - a potion of ambrosia {unknown}
Comestibles
 c - 7 bread rations
 k - 6 meat rations
 B - 2 beef jerkies
 D - 2 chunks of flesh


   Skills:
 * Level 11.8 Fighting
 * Level 11.6 Axes
 + Level 8.1 Armour
 + Level 7.9 Dodging


You had 9 spell levels left.
You didn't know any spells.

Dungeon Overview and Level Annotations

Branches:
Dungeon (10/15)            Temple (0/1) D:6            Lair (0/6) D:9
    Orc: D:9-12

Altars:
Okawaru
Pakellas
Qazlal
Ru
Trog
Vehumet


Innate Abilities, Weirdness & Mutations

You reflexively headbutt those who attack you in melee.
You have a pair of horns on your head.


Message History

Something hits you but does no damage.
You miss something. Your headbutt misses something.
Something hits you but does no damage.
You miss something. Something hits you but does no damage.
You closely miss something. Your headbutt misses something.
Something hits you but does no damage.
You slash something! You headbutt something. Trog accepts your kill.
Reactivating autopickup.
You feel a bit more experienced.
You see here a sky beast corpse.
A sky beast comes into view.
A sky beast is nearby!
Welcome back, shmeve the Minotaur Berserker.
Trog says: Kill them all!
Press ? for a list of commands and other information.
Welcome back, shmeve the Minotaur Berserker.
Trog says: Kill them all!
Press ? for a list of commands and other information.
Are you sure you want to abandon this character and quit the game? (Confirm with "yes".)

#......†.....##..#
#..............[.#
#....#.....?..[).#####
#....#.........[[.......
#.........#.....######..
#................###
#.....<..##.†........
##....#.###......#.#.
###..#.# #.@...!..Y.
...$................
###..#.###..###......
#..#.# #.## .#... #..#.#
.. #.. #.. .#.#. .#. .
..


You could see a sky beast (wandering).

Vanquished Creatures
  Pikel (D:9)
  The ghost of Thraspic the Chopper, a novice VSFi of Makhleb (D:7)
  A manticore (D:9)
  Joseph (D:7)
  A troll (D:6)
  A wyvern (D:9)
  A steam dragon (D:9)
  2 orc warriors
  2 hell hounds (D:9)
  3 phantoms
  3 sky beasts
  2 wasps
  4 slaves (D:9)
  2 necrophages
  7 ogres
  A centaur (D:9)
  A big kobold (D:7)
  3 giant frogs
  7 scorpions
  7 killer bees
  12 howler monkeys
  3 crimson imps
  2 giant frog zombies
  8 hounds
  An orc priest (D:10)
  6 orc wizards
  A centaur skeleton (D:9)
  2 jellies
  A giant frog skeleton (D:4)
  3 iguanas
  8 worker ants
  A worker ant zombie (D:6)
  A howler monkey skeleton (D:10)
  9 adders
  A shadow imp (D:8)
  2 oozes (D:2)
  An adder skeleton (D:4)
  5 worms
  A dart slug (D:1)
  9 giant geckos
  29 orcs
  8 bats
  9 giant cockroaches
  4 hobgoblins
  7 jackals
  5 quokkas
  2 ball pythons
  3 giant gecko skeletons
  6 giant newts
  3 goblins
  2 jackal zombies
  14 kobolds
  A quokka skeleton (D:7)
  9 rats
230 creatures vanquished.

Notes
Turn   | Place    | Note
-------+----------+-------------------------------------------
     0 | D:1      | shmeve the Minotaur Berserker began the quest for the Orb.
     0 | D:1      | Reached XP level 1. HP: 19/19 MP: 0/0
   113 | D:1      | Reached XP level 2. HP: 13/27 MP: 1/1
  1119 | D:2      | Reached XP level 3. HP: 20/33 MP: 0/2
  1776 | D:2      | Reached ** piety under Trog
  1830 | D:3      | Reached XP level 4. HP: 41/41 MP: 1/3
  1857 | D:3      | Found an iron altar of Okawaru.
  2025 | D:3      | Noticed an ogre
  2033 | D:3      | Killed an ogre
  2033 | D:3      | Reached skill level 5 in Fighting
  2033 | D:3      | Reached skill level 5 in Axes
  2033 | D:3      | Reached XP level 5. HP: 48/48 MP: 4/4
  2610 | D:4      | Noticed a phantom
  2619 | D:4      | Reached XP level 6. HP: 46/56 MP: 3/5
  3118 | D:4      | Reached XP level 7. HP: 63/63 MP: 6/6
  3626 | D:5      | Entered Level 5 of the Dungeon
  3645 | D:5      | Reached skill level 5 in Armour
  3968 | D:5      | Found a sacrificial altar of Ru.
  4053 | D:5      | Found a bloodstained altar of Trog.
  4087 | D:5      | Reached XP level 8. HP: 73/73 MP: 7/7
  4093 | D:5      | Reached *** piety under Trog
  4381 | D:5      | Reached skill level 5 in Dodging
  4578 | D:6      | Found an oddly glowing altar of Pakellas.
  4743 | D:6      | Noticed a troll
  4750 | D:6      | Killed a troll
  4996 | D:6      | Found a stormy altar of Qazlal.
  5240 | D:6      | Found a staircase to the Ecumenical Temple.
  5702 | D:7      | Noticed Thraspic's ghost (novice VSFi)
  5708 | D:7      | Killed Thraspic's ghost
  5708 | D:7      | Reached XP level 9. HP: 82/82 MP: 5/8
  6140 | D:7      | Noticed Joseph
  6153 | D:7      | Killed Joseph
  6308 | D:7      | Reached **** piety under Trog
  6556 | D:8      | Reached skill level 10 in Fighting
  6644 | D:8      | Reached skill level 10 in Axes
  7157 | D:8      | Upgraded the game from 0.19-a0-1032-g6b228a8 to 0.19-a0-1037-g36c65c9
  7166 | D:9      | Found a radiant altar of Vehumet.
  7166 | D:9      | Noticed Pikel
  7175 | D:9      | Killed Pikel
  7175 | D:9      | Reached XP level 10. HP: 94/94 MP: 7/9
  7193 | D:9      | Found a staircase to the Lair.
  7224 | D:9      | Noticed a manticore
  7237 | D:9      | Killed a manticore
  7712 | D:9      | Reached ***** piety under Trog
  8232 | D:10     | Entered Level 10 of the Dungeon
  8265 | D:10     | Received a gift from Trog
  8336 | D:10     | Quit the game

Vault maps used:
D:1:      mainiacjoe_arrival_reflecting_pool, minmay_misc_feat_roman
D:3:      kennysheep_big_flooded_room, okawaru_metal_pillars_3, first_bread
D:5:      lemuel_round_altar, nicolae_ru_awakened_eye
D:6:      kennysheep_mini, old_standard_altar, serial_glass, glass_columns_a,
          glass_columns_a, item_on_display_a, item_on_display_a,
          minmay_door_square
D:7:      uniq_joseph
D:9:      minmay_lair_entry_lava, basic_altar, billiards_dpeg, uniq_pikel
D:10:     basic_altar

Skill      XL: |  1  2  3  4  5  6  7  8  9 10 |
---------------+-------------------------------+-----
Fighting       | 4 5 6 7 8 10 11 | 11.8
Axes           | 4 5 6 7 8 10 11 | 11.6
Armour         | 3 4 5 6 7 8 |  8.1
Dodging        | 3 4 5 7 |  7.9

Action                   |  1- 3 |  4- 6 |  7- 9 | 10-12 || total
-------------------------+-------+-------+-------+-------++-------
Melee: Hand axe          |    86 |     3 |       |       ||    89
       Headbutt          |     9 |    10 |    45 |    28 ||    92
       War axe           |       |    70 |   251 |   113 ||   434
Invok: Berserk           |       |     3 |     3 |     2 ||     8
  Use: Scroll            |       |       |     1 |       ||     1
  Eat: Chunk             |     3 |     7 |    15 |     7 ||    32
Armor: Animal skin       |    17 |       |       |       ||    17
       Scale mail        |    16 |    33 |    49 |       ||    98
       Chain mail        |       |       |    84 |    24 ||   108
       Plate armour      |       |       |       |    38 ||    38
Dodge: Dodged            |    64 |    48 |   178 |    71 ||   361
